 Dungeon Crawl Stone Soup version 0.29-a0-333-gb4c28e87c6 (webtiles) character file.

Game seed: 7927617384791464300

8 Jortsu the Skirmisher (level 2, 21/24 HPs)
             Began as a Demonspawn Fighter on Apr 13, 2022.
             Quit the game on level 1 of the Dungeon.
             The game lasted 00:00:16 (258 turns).

Jortsu the Skirmisher (Demonspawn Fighter)           Turns: 258, Time: 00:00:17

Health: 21/24      AC:  6    Str: 16    XL:     2   Next: 0%
Magic:  2/2        EV:  8    Int:  9    God:
Gold:   53         SH:  4    Dex: 12    Spells: 1/1 levels left

rFire   . . .      SeeInvis .   a - +0 war axe
rCold   . . .      Faith    .   c - +0 buckler
rNeg    . . .      Spirit   .   b - +0 scale mail
rPois   .          Reflect  .   (no helmet)
rElec   .          Harm     .   (no cloak)
rCorr   .          Rampage  .   (no gloves)
Will    .....                   (no boots)
Stlth   ..........              (no amulet)
HPRegen 0.08/turn               (no ring)
MPRegen 0.16/turn               (no ring)

@: no status effects
A: magic regeneration
a: no special abilities


You were on level 1 of the Dungeon.
You visited 1 branch of the dungeon, and saw 1 of its levels.

You collected 53 gold pieces.

Inventory:

Hand Weapons
 a - a +0 war axe (weapon)
Armour
 b - a +0 scale mail (worn)
 c - a +0 buckler (worn)
Scrolls
 e - a scroll of vulnerability {unknown}
 f - a scroll of identify {unknown}
Potions
 d - a potion of might


   Skills:
 + Level 3.1 Fighting
 + Level 1.9 Axes
 + Level 2.8 Armour
 + Level 2.8 Shields


You had one spell level left.
You didn't know any spells.
Your spell library was empty.

Dungeon Overview and Level Annotations

Branches:
Dungeon (1/15)

Altars:


Innate Abilities, Weirdness & Mutations

You regenerate magic rapidly.


Message History

You kill the ball python!
You feel sick.
You are no longer poisoned.
The rat bites you but does no damage.
You hit the rat.
You kill the rat!
You barely miss the hobgoblin. You slash the rat!
You kill the rat!
The hobgoblin hits you but does no damage.
The hobgoblin barely misses you. The hobgoblin misses you.
An endoplasm comes into view.
Things that are here:
a +1 short sword of venom; a rat corpse The endoplasm quivers.
You slash the hobgoblin!
You kill the hobgoblin!
Found 4 gold pieces.
Things that are here:
a hobgoblin corpse; a rat corpse
Found a robe.
You slash the endoplasm!
You kill the endoplasm!
You now have 37 gold pieces (gained 19).
HP restored.
f - a scroll labelled BUXUOJ DYKK You now have 41 gold pieces (gained 4).
You now have 53 gold pieces (gained 12).
A rat comes into view.
A rat is nearby!
A rat comes into view.
You closely miss the rat. The rat bites you but does no damage.
You hit the rat.
You kill the rat!
You barely miss the rat. The rat bites you but does no damage.
The rat bites you.
You have reached level 2!
Your demonic ancestry asserts itself...
Your magic begins to regenerate rapidly.
Are you sure you want to abandon this character and quit the game? (Confirm with "yes".)

...............
..........#.#####
................###
......##.#....# .#
......##......# .#
.......##..#### .#
..............###.#
###########.#...#r####
#.....@†...#
#######.....# ####..#
#


You could see a rat.

Vanquished Creatures
  An endoplasm (D:1)
  A hobgoblin (D:1)
  A kobold (D:1)
  A ball python (D:1)
  5 rats (D:1)
9 creatures vanquished.

Notes
Turn   | Place    | Note
-------+----------+-------------------------------------------
     0 | D:1      | Jortsu the Demonspawn Fighter began the quest for the Orb.
     0 | D:1      | Reached XP level 1. HP: 18/18 MP: 1/1
   258 | D:1      | Gained mutation: You regenerate magic rapidly. [demonic
                  | ancestry]
   258 | D:1      | Reached XP level 2. HP: 21/24 MP: 2/2
   258 | D:1      | Quit the game

Illustrated notes

Levels and vault maps discovered:
D:1:      co_arrival_square_in_a_square_in_a_square, layout_rooms,
          shapermc_ecumenical_altar_ellora, chequers_serial_rivers_small_3,
          corexii_item_surrounded_by_moat

Action                   || total
-------------------------++-------
Melee: War axe           ||     9
Armor: Scale mail        ||     6
Dodge: Dodged            ||    10
Block: Buckler           ||     7

Table legend: (Time is in decaauts)
 A = Elapsed time spent in this place.
 B = Non-inter-level travel time spent in this place.
 C = Inter-level travel time spent in this place.
 D = Time resting spent in this place.
 E = Time spent auto-exploring this place.
 F = Levels seen in this place.
 G = Mean time per level.
                   A        B        C        D        E       F      G
               +--------+--------+--------+--------+--------+-----+--------+
         Total |    262 |    262 |      0 |      0 |    229 |   1 |  262.0 |
       Dungeon |    262 |    262 |      0 |      0 |    229 |   1 |  262.0 |
               +--------+--------+--------+--------+--------+-----+--------+

Top non-repeatable levels by time:
     D:1: 262 daAuts
